![]() |
![]() |
![]() |
html PUBLIC "-//W3C//DTD XHTML 1.0 Transitional//EN" "http://www.w3.org/TR/xhtml1/DTD/xhtml1-transitional.dtd">
UTAH ICE BEARS vs LOS ANGELES SEALSCreated - 6 novembre 2025 at 13:26
1st period
1. UTAH ICE BEARS , Kristopher Letang 2 (Matthew Tkachuk 10) at 7:14
2. LOS ANGELES SEALS , Cutter Gauthier 5 (Kevin Hayes 5, Ben Hutton 1) at 10:55 3. LOS ANGELES SEALS , Cutter Gauthier 6 (Alexander Alexeyev 5, Kevin Hayes 6) at 11:59 4. UTAH ICE BEARS , Alexander Ovechkin 9 (John-Jason Peterka 4, Matthew Tkachuk 11) at 15:59 (PP) 5. UTAH ICE BEARS , John-Jason Peterka 4 (Morgan Frost 4, David Savard 3) at 17:44 Penalties :
Ben Hutton (LOS) for Boarding (Minor) at 3:49, Erik Gudbranson (LOS) for Cross-checking (Minor) at 14:36
2nd period
6. UTAH ICE BEARS , Morgan Frost 2 (John-Jason Peterka 5, MacKenzie Weegar 3) at 14:33
7. UTAH ICE BEARS , Alexander Ovechkin 10 (Evgeni Malkin 8, John Carlson 15) at 16:51 Penalties :
Erik Gudbranson (LOS) for High sticking (Minor) at 1:05, Luke Evangelista (UTA) for Roughing (Minor) at 7:45
3rd period
8. LOS ANGELES SEALS , Mason McTavish 5 (Owen Tippett 4, David Perron 5) at 16:57
Penalties :
Ryan Reaves (LOS) for Slashing (Minor) at 6:00, Patrick Kane (UTA) for Roughing (Minor) at 10:24
Goalie StatsConnor Ingram (UTA), 21 saves from 24 shots - (0,875), W, 4-1-1, 60:00 minutes
Ales Stezka (LOS), 47 saves from 52 shots - (0,904), L, 1-4-0, 60:00 minutes
Players Stats for UTAH ICE BEARSPlayer Name G A P +/- PIM S H SB GA TA FO MP PP MP PK MP ------------------------------------------------------------------------------------ Alexander Ovechkin 2 0 2 2 0 5 1 0 0 0 0/2 21:52 3:39 0:00 Bowen Byram 0 0 0 0 0 1 0 1 0 0 0/0 21:40 3:25 1:56 David Savard 0 1 1 -1 0 0 0 0 0 0 0/0 12:40 0:00 0:00 Evgeni Malkin 0 1 1 2 0 3 1 0 0 0 17/25 18:13 0:00 0:00 John Carlson 0 1 1 2 0 2 0 3 0 0 0/0 23:38 3:55 0:00 John-Jason Peterka 1 2 3 0 0 7 0 0 0 0 3/6 14:59 3:39 0:00 Kevin Bahl 0 0 0 -1 0 0 0 0 0 0 0/0 14:42 0:00 2:02 Kristopher Letang 1 0 1 2 0 4 4 2 0 0 0/0 25:40 3:55 2:02 Lucas Raymond 0 0 0 -1 0 6 0 0 0 0 1/3 19:19 3:41 0:00 Luke Evangelista 0 0 0 0 2 1 0 0 0 0 0/1 12:26 0:00 1:07 MacKenzie Weegar 0 1 1 0 0 1 0 1 0 0 0/0 21:40 3:25 1:56 Marco Kasper 0 0 0 0 0 1 0 0 0 0 1/3 4:47 0:00 1:16 Matias Maccelli 0 0 0 0 0 0 0 0 0 0 0/0 4:34 0:00 1:03 Matthew Beniers 0 0 0 -1 0 5 2 0 0 0 18/29 19:19 3:41 0:00 Matthew Tkachuk 0 2 2 2 0 5 6 1 0 0 0/1 22:24 3:39 0:32 Morgan Frost 1 1 2 0 0 8 0 0 0 0 19/25 14:15 0:00 2:55 Noah Laba 0 0 0 0 0 0 0 0 0 0 1/1 4:34 0:00 1:03 Patrick Kane 0 0 0 -1 2 3 2 0 0 0 1/3 19:18 3:41 0:00 Players Stats for LOS ANGELES SEALSPlayer Name G A P +/- PIM S H SB GA TA FO MP PP MP PK MP ------------------------------------------------------------------------------------ Alexander Alexeyev 0 1 1 1 0 0 6 0 0 0 0/0 16:22 0:30 3:08 Austin Watson 0 0 0 -1 0 0 0 0 0 0 0/0 6:43 0:00 0:29 Ben Hutton 0 1 1 1 2 0 2 1 0 0 0/0 14:48 0:39 0:20 Cameron Hebig 0 0 0 0 0 1 0 0 0 0 7/15 12:42 0:10 0:00 Connor Carrick 0 0 0 0 0 0 2 1 0 0 0/0 20:34 1:34 2:11 Curtis McKenzie 0 0 0 0 0 0 0 0 0 0 0/0 11:35 0:00 0:00 Cutter Gauthier 2 0 2 0 0 6 0 1 0 0 3/20 18:57 1:34 2:39 Daniel Sprong 0 0 0 -1 0 0 0 0 0 0 0/0 5:52 0:00 0:00 David Perron 0 1 1 0 0 1 1 0 0 0 2/5 20:27 2:14 2:19 Erik Gudbranson 0 0 0 0 4 0 5 2 0 0 0/0 20:03 1:24 0:48 Garrett Wilson 0 0 0 0 0 0 1 0 0 0 1/3 16:18 1:34 0:00 Gustav Forsling 0 0 0 -2 0 4 2 2 0 0 0/0 27:58 2:34 4:59 Kevin Hayes 0 2 2 0 0 2 0 0 0 0 2/3 16:47 1:34 0:29 Liam O'Brien 0 0 0 -1 0 0 0 0 0 0 3/10 5:52 0:00 0:00 Mason McTavish 1 0 1 0 0 3 0 0 0 0 17/36 23:17 2:24 4:22 Noah Dobson 0 0 0 -2 0 2 0 2 0 0 0/0 19:30 1:15 3:14 Owen Tippett 0 1 1 0 0 4 1 5 0 0 3/6 23:17 2:24 4:22 Ryan Reaves 0 0 0 0 2 1 2 0 0 0 0/1 11:34 0:00 0:00 3 Stars
1 - Alexander Ovechkin (UTA)
2 - Matthew Tkachuk (UTA) 3 - Kristopher Letang (UTA) Power PlayUTAH ICE BEARS - 1 on 4 Attempt(s) - 25,00%
LOS ANGELES SEALS - 0 on 2 Attempt(s) - 0,00%
Penalty KillUTAH ICE BEARS - 2 on 2 Attempt(s) - 100,00%
- Score 0 goal in Penalty Kill
LOS ANGELES SEALS - 3 on 4 Attempt(s) - 75,00%
- Score 0 goal in Penalty Kill
Team StatUTAH ICE BEARS - Hits : 16 - Faceoff Wins : 61 - Blocked Shots : 8 - Penalty Minutes : 4
LOS ANGELES SEALS - Hits : 22 - Faceoff Wins : 38 - Blocked Shots : 14 - Penalty Minutes : 8
Official
Referees : Tim Mayer and Dan Kelly
Linesman : Jaime Alary and Luke Murray Game Notes
Noah Dobson is injured at 2:36 of 3rd period (Strained Left Knee)
David Perron is injured at 18:14 of 3rd period (Strained Right Knee) FinanceLevel 1 -- Attendance: 6000 (100,00%) -- Ticket Income 900 000 $Level 2 -- Attendance: 5000 (100,00%) -- Ticket Income 495 000 $ Level 3 -- Attendance: 2000 (100,00%) -- Ticket Income 168 000 $ Level 4 -- Attendance: 3208 (80,20%) -- Ticket Income 256 640 $ Luxury Box -- Attendance: 1000 (100,00%) -- Ticket Income 300 000 $ Total Attendance: 17208 (95,60%) Total Ticket Income: 2 119 640 $ Other Expense: 21 196 $ Total Income: 2 098 444 $ UTAH ICE BEARS5 vs 5 Forward Center Left Wing Right Wing Time % Phy DF OF 1 Evgeni Malkin Alexander Ovechkin Matthew Tkachuk 36 1 2 2 2 Matthew Beniers Patrick Kane Lucas Raymond 31 1 2 2 3 Morgan Frost John-Jason Peterka Luke Evangelista 23 1 2 2 4 Marco Kasper Noah Laba Matias Maccelli 10 1 2 2 5 vs 5 Defense Defense Defense Time % Phy DF OF 1 John Carlson Kristopher Letang 36 1 2 2 2 MacKenzie Weegar Bowen Byram 31 1 2 2 3 Kevin Bahl David Savard 23 1 2 2 4 John Carlson Kristopher Letang 10 1 2 2 PowerPlay Forward Center Left Wing Right Wing Time % Phy DF OF 1 John-Jason Peterka Alexander Ovechkin Matthew Tkachuk 55 1 2 2 2 Matthew Beniers Patrick Kane Lucas Raymond 45 1 2 2 PowerPlay Defense Defense Defense Time % Phy DF OF 1 John Carlson Kristopher Letang 55 1 1 3 2 MacKenzie Weegar Bowen Byram 45 1 1 3 Penalty Kill 4 Players Forward Center Wing Time % Phy DF OF 1 Morgan Frost Luke Evangelista 55 1 2 2 2 Noah Laba Matias Maccelli 45 1 2 2 Penalty Kill 4 Players Defense Defense Defense Time % Phy DF OF 1 Kevin Bahl Kristopher Letang 55 1 2 2 2 MacKenzie Weegar Bowen Byram 45 1 2 2 Penalty Kill - 3 Players Forward Forward Time % Phy DF OF 1 Alexander Ovechkin 55 1 2 2 2 Evgeni Malkin 45 1 2 2 Penalty Kill - 3 Players Defense Defense Defense Time % Phy DF OF 1 John Carlson Kristopher Letang 55 1 2 2 2 MacKenzie Weegar Bowen Byram 45 1 2 2 4 vs 4 Forward Center Wing Time % Phy DF OF 1 Evgeni Malkin Alexander Ovechkin 55 1 2 2 2 John-Jason Peterka Lucas Raymond 45 1 2 2 4 vs 4 Defense Defense Defense Time % Phy DF OF 1 John Carlson Kristopher Letang 55 1 2 2 2 MacKenzie Weegar Bowen Byram 45 1 2 2 Last Minutes Offensive Center Left Wing Right Wing Defense Defense Evgeni Malkin Alexander Ovechkin Matthew Tkachuk John Carlson Kristopher Letang Last Minutes Defensive Center Left Wing Right Wing Defense Defense Evgeni Malkin Alexander Ovechkin Matthew Tkachuk John Carlson Kristopher Letang Goaltenders Starting : Connor Ingram Backup : Thatcher Demko Extra Forwards Normal : John-Jason Peterka, Morgan Frost, Marco Kasper - PP : John-Jason Peterka, Morgan Frost - PK : Marco Kasper Extra Defensemen Normal : Kevin Bahl, David Savard, MacKenzie Weegar - PP : Kevin Bahl - PK : David Savard, MacKenzie Weegar Penalty Shots Alexander Ovechkin, Evgeni Malkin, Matthew Tkachuk, Patrick Kane, Lucas Raymond Custom OT Lines Forwards Alexander Ovechkin, Evgeni Malkin, Matthew Tkachuk, Patrick Kane, Lucas Raymond, Matthew Beniers, John-Jason Peterka, Morgan Frost, Marco Kasper, Luke Evangelista Custom OT Lines Defensemen John Carlson, Kristopher Letang, MacKenzie Weegar, Bowen Byram, Kevin Bahl Scratches None LOS ANGELES SEALS5 vs 5 Forward Center Left Wing Right Wing Time % Phy DF OF 1 Mason McTavish Owen Tippett David Perron 36 1 2 2 2 Cutter Gauthier Kevin Hayes Garrett Wilson 31 1 2 2 3 Cameron Hebig Curtis McKenzie Ryan Reaves 23 1 2 2 4 Liam O'Brien Daniel Sprong Austin Watson 10 1 2 2 5 vs 5 Defense Defense Defense Time % Phy DF OF 1 Gustav Forsling Noah Dobson 36 1 2 2 2 Erik Gudbranson Connor Carrick 31 1 2 2 3 Ben Hutton Alexander Alexeyev 23 1 2 2 4 Gustav Forsling Noah Dobson 10 1 2 2 PowerPlay Forward Center Left Wing Right Wing Time % Phy DF OF 1 Mason McTavish Owen Tippett David Perron 55 1 2 2 2 Cutter Gauthier Kevin Hayes Garrett Wilson 45 1 2 2 PowerPlay Defense Defense Defense Time % Phy DF OF 1 Gustav Forsling Noah Dobson 55 1 2 2 2 Erik Gudbranson Connor Carrick 45 1 2 2 Penalty Kill 4 Players Forward Center Wing Time % Phy DF OF 1 Mason McTavish Owen Tippett 55 1 2 2 2 David Perron Cutter Gauthier 45 1 2 2 Penalty Kill 4 Players Defense Defense Defense Time % Phy DF OF 1 Gustav Forsling Noah Dobson 55 1 2 2 2 Erik Gudbranson Connor Carrick 45 1 2 2 Penalty Kill - 3 Players Forward Forward Time % Phy DF OF 1 Mason McTavish 55 1 2 2 2 Owen Tippett 45 1 2 2 Penalty Kill - 3 Players Defense Defense Defense Time % Phy DF OF 1 Gustav Forsling Noah Dobson 55 1 2 2 2 Erik Gudbranson Connor Carrick 45 1 2 2 4 vs 4 Forward Center Wing Time % Phy DF OF 1 Mason McTavish Owen Tippett 55 1 2 2 2 David Perron Cutter Gauthier 45 1 2 2 4 vs 4 Defense Defense Defense Time % Phy DF OF 1 Gustav Forsling Noah Dobson 55 1 2 2 2 Erik Gudbranson Connor Carrick 45 1 2 2 Last Minutes Offensive Center Left Wing Right Wing Defense Defense Mason McTavish Owen Tippett David Perron Gustav Forsling Noah Dobson Last Minutes Defensive Center Left Wing Right Wing Defense Defense Mason McTavish Owen Tippett David Perron Gustav Forsling Noah Dobson Goaltenders Starting : Ales Stezka Backup : T.J. Semptimphelter Extra Forwards Normal : Cameron Hebig, Curtis McKenzie, Ryan Reaves - PP : Cameron Hebig, Curtis McKenzie - PK : Ryan Reaves Extra Defensemen Normal : Ben Hutton, Alexander Alexeyev, Erik Gudbranson - PP : Ben Hutton - PK : Alexander Alexeyev, Erik Gudbranson Penalty Shots Mason McTavish, Owen Tippett, David Perron, Cutter Gauthier, Kevin Hayes Custom OT Lines Forwards Mason McTavish, Owen Tippett, David Perron, Cutter Gauthier, Kevin Hayes, Garrett Wilson, Cameron Hebig, Curtis McKenzie, Ryan Reaves, Daniel Sprong Custom OT Lines Defensemen Gustav Forsling, Noah Dobson, Erik Gudbranson, Connor Carrick, Ben Hutton Scratches Josh Anderson (Healthy), Matthew Boldy (Healthy), Jeremy Swayman (Healthy)
Play-by-Play1st period0:01 of 1st period - Mason McTavish wins face-off versus Evgeni Malkin in neutral zone. 0:42 of 1st period - Shot by Evgeni Malkin. 0:42 of 1st period - Shot Blocked by Owen Tippett. 1:28 of 1st period - Shot by Kevin Hayes. 1:28 of 1st period - Deflect By Cutter Gauthier. 1:28 of 1st period - Stopped by Connor Ingram without a rebound. 1:29 of 1st period - Morgan Frost wins face-off versus Cameron Hebig in UTAH ICE BEARS zone. 1:36 of 1st period - Shot by John-Jason Peterka. 1:36 of 1st period - Deflect By Morgan Frost. 1:36 of 1st period - Stopped by Ales Stezka without a rebound. 1:37 of 1st period - Morgan Frost wins face-off versus Liam O'Brien in LOS ANGELES SEALS zone. 1:58 of 1st period - Shot by Morgan Frost. 1:58 of 1st period - Stopped by Ales Stezka without a rebound. 1:59 of 1st period - Matthew Beniers wins face-off versus Cameron Hebig in LOS ANGELES SEALS zone. 2:36 of 1st period - Shot by Patrick Kane. 2:36 of 1st period - Stopped by Ales Stezka without a rebound. 2:37 of 1st period - Marco Kasper wins face-off versus Cutter Gauthier in LOS ANGELES SEALS zone. 3:48 of 1st period - Shot by Morgan Frost. 3:48 of 1st period - Stopped by Ales Stezka with a rebound. 3:49 of 1st period - Minor Penalty to Ben Hutton for Boarding. 3:50 of 1st period - Lucas Raymond wins face-off versus Mason McTavish in LOS ANGELES SEALS zone. 3:55 of 1st period - Shot by Patrick Kane. 3:55 of 1st period - Shot Misses the Net. 4:19 of 1st period - Icing by Matthew Beniers. 4:20 of 1st period - Mason McTavish wins face-off versus Patrick Kane in UTAH ICE BEARS zone. 5:03 of 1st period - Shot by John Carlson. 5:03 of 1st period - Stopped by Ales Stezka without a rebound. 5:04 of 1st period - Mason McTavish wins face-off versus John-Jason Peterka in LOS ANGELES SEALS zone. 5:19 of 1st period - Shot by Alexander Ovechkin. 5:19 of 1st period - Deflect By John-Jason Peterka. 5:19 of 1st period - Stopped by Ales Stezka without a rebound. 5:20 of 1st period - David Perron wins face-off versus Alexander Ovechkin in LOS ANGELES SEALS zone. 5:20 of 1st period - David Perron is hit by Matthew Tkachuk. 5:52 of 1st period - Shot by Alexander Ovechkin. 5:52 of 1st period - Deflect By Matias Maccelli. 5:52 of 1st period - Shot Misses the Net. 5:56 of 1st period - Shot by Marco Kasper. 5:56 of 1st period - Shot Misses the Net. 6:06 of 1st period - Shot by Marco Kasper. 6:06 of 1st period - Stopped by Ales Stezka without a rebound. 6:07 of 1st period - Matthew Beniers wins face-off versus Liam O'Brien in LOS ANGELES SEALS zone. 6:38 of 1st period - Shot by Patrick Kane. 6:38 of 1st period - Shot Misses the Net. 7:12 of 1st period - Shot by Matthew Tkachuk. 7:12 of 1st period - Shot Misses the Net. 7:14 of 1st period - Shot by Kristopher Letang. 7:14 of 1st period - Goal by Kristopher Letang - UTAH ICE BEARS : 1 - LOS ANGELES SEALS : 0. 7:15 of 1st period - Morgan Frost wins face-off versus Mason McTavish in neutral zone. 7:25 of 1st period - Shot by Owen Tippett. 7:25 of 1st period - Shot Misses the Net. 7:47 of 1st period - Shot by Luke Evangelista. 7:47 of 1st period - Shot Misses the Net. 8:45 of 1st period - Shot by Cutter Gauthier. 8:45 of 1st period - Stopped by Connor Ingram without a rebound. 8:46 of 1st period - Cameron Hebig wins face-off versus Matthew Beniers in UTAH ICE BEARS zone. 9:23 of 1st period - Shot by Matthew Beniers. 9:23 of 1st period - Shot Blocked by Noah Dobson. 9:50 of 1st period - Gustav Forsling is hit by Evgeni Malkin and loses puck. 10:55 of 1st period - Shot by Kevin Hayes. 10:55 of 1st period - Deflect By Cutter Gauthier. 10:55 of 1st period - Goal by Cutter Gauthier - UTAH ICE BEARS : 1 - LOS ANGELES SEALS : 1. 10:56 of 1st period - David Perron wins face-off versus Morgan Frost in neutral zone. 10:58 of 1st period - Off-side. 10:59 of 1st period - Mason McTavish wins face-off versus Matthew Beniers in neutral zone. 11:19 of 1st period - Lucas Raymond is hit by Connor Carrick. 11:26 of 1st period - Off-side. 11:27 of 1st period - Morgan Frost wins face-off versus Cutter Gauthier in neutral zone. 11:33 of 1st period - Icing by Ben Hutton. 11:34 of 1st period - Morgan Frost wins face-off versus Cutter Gauthier in LOS ANGELES SEALS zone. 11:36 of 1st period - John-Jason Peterka is hit by Alexander Alexeyev and loses puck. 11:55 of 1st period - Shot by Cutter Gauthier. 11:55 of 1st period - Shot Misses the Net. 11:57 of 1st period - Shot by Cutter Gauthier. 11:57 of 1st period - Deflect By Kevin Hayes. 11:57 of 1st period - Shot Misses the Net. 11:59 of 1st period - Shot by Alexander Alexeyev. 11:59 of 1st period - Deflect By Cutter Gauthier. 11:59 of 1st period - Goal by Cutter Gauthier - UTAH ICE BEARS : 1 - LOS ANGELES SEALS : 2. 12:00 of 1st period - Evgeni Malkin wins face-off versus David Perron in neutral zone. 12:09 of 1st period - Shot by Alexander Ovechkin. 12:09 of 1st period - Shot Misses the Net. 12:11 of 1st period - Shot by Evgeni Malkin. 12:11 of 1st period - Deflect By Matthew Tkachuk. 12:11 of 1st period - Shot Misses the Net. 12:13 of 1st period - Shot by John Carlson. 12:13 of 1st period - Shot Blocked by Owen Tippett. 12:15 of 1st period - Shot by Kristopher Letang. 12:15 of 1st period - Stopped by Ales Stezka without a rebound. 12:16 of 1st period - Liam O'Brien wins face-off versus Lucas Raymond in LOS ANGELES SEALS zone. 12:55 of 1st period - Shot by Lucas Raymond. 12:55 of 1st period - Stopped by Ales Stezka without a rebound. 12:56 of 1st period - Mason McTavish wins face-off versus Evgeni Malkin in LOS ANGELES SEALS zone. 12:56 of 1st period - Mason McTavish is hit by Matthew Tkachuk. 13:17 of 1st period - Shot by Owen Tippett. 13:17 of 1st period - Shot Blocked by Kristopher Letang. 13:19 of 1st period - Shot by Mason McTavish. 13:19 of 1st period - Shot Blocked by John Carlson. 13:21 of 1st period - Shot by Owen Tippett. 13:21 of 1st period - Stopped by Connor Ingram without a rebound. 13:22 of 1st period - Morgan Frost wins face-off versus Garrett Wilson in UTAH ICE BEARS zone. 13:48 of 1st period - Icing by Cutter Gauthier. 13:49 of 1st period - Evgeni Malkin wins face-off versus Cutter Gauthier in LOS ANGELES SEALS zone. 14:03 of 1st period - Off-side. 14:04 of 1st period - Matthew Beniers wins face-off versus Mason McTavish in neutral zone. 14:10 of 1st period - Off-side. 14:11 of 1st period - Mason McTavish wins face-off versus Evgeni Malkin in neutral zone. 14:18 of 1st period - Shot by Mason McTavish. 14:18 of 1st period - Shot Blocked by John Carlson. 14:20 of 1st period - Shot by Noah Dobson. 14:20 of 1st period - Stopped by Connor Ingram without a rebound. 14:21 of 1st period - Cameron Hebig wins face-off versus Evgeni Malkin in UTAH ICE BEARS zone. 14:36 of 1st period - Minor Penalty to Erik Gudbranson for Cross-checking. 14:37 of 1st period - Matthew Beniers wins face-off versus Mason McTavish in LOS ANGELES SEALS zone. 14:43 of 1st period - Shot by Matthew Beniers. 14:43 of 1st period - Stopped by Ales Stezka without a rebound. 14:44 of 1st period - John-Jason Peterka wins face-off versus Mason McTavish in LOS ANGELES SEALS zone. 15:11 of 1st period - Shot by Alexander Ovechkin. 15:11 of 1st period - Deflect By John-Jason Peterka. 15:11 of 1st period - Stopped by Ales Stezka without a rebound. 15:12 of 1st period - Matthew Beniers wins face-off versus David Perron in LOS ANGELES SEALS zone. 15:35 of 1st period - Shot by Matthew Beniers. 15:35 of 1st period - Shot Misses the Net. 15:49 of 1st period - Shot by Matthew Beniers. 15:49 of 1st period - Stopped by Ales Stezka without a rebound. 15:50 of 1st period - Mason McTavish wins face-off versus John-Jason Peterka in LOS ANGELES SEALS zone. 15:59 of 1st period - Shot by John-Jason Peterka. 15:59 of 1st period - Deflect By Alexander Ovechkin. 15:59 of 1st period - Goal by Alexander Ovechkin - UTAH ICE BEARS : 2 - LOS ANGELES SEALS : 2. 16:00 of 1st period - Evgeni Malkin wins face-off versus Cameron Hebig in neutral zone. 17:10 of 1st period - Shot by Lucas Raymond. 17:10 of 1st period - Stopped by Ales Stezka without a rebound. 17:11 of 1st period - Morgan Frost wins face-off versus Mason McTavish in LOS ANGELES SEALS zone. 17:32 of 1st period - Shot by John-Jason Peterka. 17:32 of 1st period - Shot Misses the Net. 17:36 of 1st period - Shot by Morgan Frost. 17:36 of 1st period - Shot Misses the Net. 17:38 of 1st period - Shot by David Savard. 17:38 of 1st period - Shot Misses the Net. 17:40 of 1st period - Shot by David Savard. 17:40 of 1st period - Shot Misses the Net. 17:42 of 1st period - Shot by Morgan Frost. 17:42 of 1st period - Stopped by Ales Stezka with a rebound. 17:44 of 1st period - Shot by John-Jason Peterka. 17:44 of 1st period - Goal by John-Jason Peterka - UTAH ICE BEARS : 3 - LOS ANGELES SEALS : 2. 17:45 of 1st period - Matthew Beniers wins face-off versus Cutter Gauthier in neutral zone. 18:11 of 1st period - Off-side. 18:12 of 1st period - Evgeni Malkin wins face-off versus Liam O'Brien in neutral zone. 18:33 of 1st period - Shot by Evgeni Malkin. 18:33 of 1st period - Stopped by Ales Stezka without a rebound. 18:34 of 1st period - Matthew Beniers wins face-off versus Mason McTavish in LOS ANGELES SEALS zone. 18:41 of 1st period - Shot by Matthew Beniers. 18:41 of 1st period - Stopped by Ales Stezka with a rebound. 19:05 of 1st period - Gustav Forsling is hit by Patrick Kane. 19:09 of 1st period - Lucas Raymond is hit by David Perron and loses puck. 19:50 of 1st period - Erik Gudbranson is hit by Matthew Beniers and loses puck. 19:58 of 1st period - Off-side. 19:59 of 1st period - Cameron Hebig wins face-off versus Alexander Ovechkin in neutral zone. Goals for this period are 3 for UTAH ICE BEARS vs 2 for LOS ANGELES SEALS. Shots for this period are 19 for UTAH ICE BEARS vs 6 for LOS ANGELES SEALS. 2nd period0:01 of 2nd period - Evgeni Malkin wins face-off versus Mason McTavish in neutral zone. 0:14 of 2nd period - Shot by Evgeni Malkin. 0:14 of 2nd period - Shot Blocked by Owen Tippett. 0:24 of 2nd period - Shot by Evgeni Malkin. 0:24 of 2nd period - Deflect By Matthew Tkachuk. 0:24 of 2nd period - Stopped by Ales Stezka without a rebound. 0:25 of 2nd period - Morgan Frost wins face-off versus Cutter Gauthier in LOS ANGELES SEALS zone. 1:04 of 2nd period - Morgan Frost is hit by Erik Gudbranson and loses puck. 1:05 of 2nd period - Minor Penalty to Erik Gudbranson for High sticking. 1:06 of 2nd period - Owen Tippett wins face-off versus Matthew Beniers in LOS ANGELES SEALS zone. 1:17 of 2nd period - Shot by John Carlson. 1:17 of 2nd period - Shot Misses the Net. 1:19 of 2nd period - Shot by Kristopher Letang. 1:19 of 2nd period - Stopped by Ales Stezka without a rebound. 1:20 of 2nd period - John-Jason Peterka wins face-off versus Mason McTavish in LOS ANGELES SEALS zone. 1:23 of 2nd period - Shot by Matthew Tkachuk. 1:23 of 2nd period - Shot Misses the Net. 1:35 of 2nd period - Noah Dobson is hit by Matthew Tkachuk and loses puck. 1:42 of 2nd period - Shot by Matthew Tkachuk. 1:42 of 2nd period - Stopped by Ales Stezka with a rebound. 1:44 of 2nd period - Shot by Alexander Ovechkin. 1:44 of 2nd period - Shot Blocked by Gustav Forsling. 1:46 of 2nd period - Shot by MacKenzie Weegar. 1:46 of 2nd period - Shot Misses the Net. 2:06 of 2nd period - Shot by Matthew Tkachuk. 2:06 of 2nd period - Shot Blocked by Connor Carrick. 3:39 of 2nd period - Shot by Marco Kasper. 3:39 of 2nd period - Shot Blocked by Erik Gudbranson. 3:56 of 2nd period - John Carlson is hit by Erik Gudbranson and loses puck. 3:59 of 2nd period - Shot by John-Jason Peterka. 3:59 of 2nd period - Stopped by Ales Stezka without a rebound. 4:00 of 2nd period - Liam O'Brien wins face-off versus Matthew Beniers in LOS ANGELES SEALS zone. 4:00 of 2nd period - Noah Dobson is hit by Matthew Beniers and loses puck. 4:25 of 2nd period - Shot by Lucas Raymond. 4:25 of 2nd period - Stopped by Ales Stezka with a rebound. 4:30 of 2nd period - Icing by Gustav Forsling. 4:31 of 2nd period - Evgeni Malkin wins face-off versus Liam O'Brien in LOS ANGELES SEALS zone. 4:36 of 2nd period - Shot by Alexander Ovechkin. 4:36 of 2nd period - Shot Misses the Net. 4:38 of 2nd period - Shot by Kristopher Letang. 4:38 of 2nd period - Shot Misses the Net. 5:02 of 2nd period - Shot by Alexander Ovechkin. 5:02 of 2nd period - Shot Misses the Net. 5:04 of 2nd period - Shot by Matthew Tkachuk. 5:04 of 2nd period - Stopped by Ales Stezka with a rebound. 6:21 of 2nd period - Icing by Noah Dobson. 6:22 of 2nd period - Cutter Gauthier wins face-off versus Matthew Beniers in LOS ANGELES SEALS zone. 6:34 of 2nd period - Icing by Cutter Gauthier. 6:35 of 2nd period - Evgeni Malkin wins face-off versus Cutter Gauthier in LOS ANGELES SEALS zone. 6:46 of 2nd period - Shot by Alexander Ovechkin. 6:46 of 2nd period - Stopped by Ales Stezka without a rebound. 6:47 of 2nd period - Matthew Beniers wins face-off versus Cameron Hebig in LOS ANGELES SEALS zone. 7:22 of 2nd period - Icing by Ryan Reaves. 7:23 of 2nd period - Evgeni Malkin wins face-off versus Ryan Reaves in LOS ANGELES SEALS zone. 7:36 of 2nd period - Shot by Evgeni Malkin. 7:36 of 2nd period - Stopped by Ales Stezka without a rebound. 7:37 of 2nd period - Morgan Frost wins face-off versus Mason McTavish in LOS ANGELES SEALS zone. 7:45 of 2nd period - Minor Penalty to Luke Evangelista for Roughing. 7:46 of 2nd period - Mason McTavish wins face-off versus Morgan Frost in UTAH ICE BEARS zone. 8:22 of 2nd period - Shot by Gustav Forsling. 8:22 of 2nd period - Stopped by Connor Ingram without a rebound. 8:23 of 2nd period - Morgan Frost wins face-off versus Cutter Gauthier in UTAH ICE BEARS zone. 8:23 of 2nd period - Morgan Frost is hit by Garrett Wilson. 8:39 of 2nd period - Shot by Kevin Hayes. 8:39 of 2nd period - Stopped by Connor Ingram without a rebound. 8:40 of 2nd period - Morgan Frost wins face-off versus Cutter Gauthier in UTAH ICE BEARS zone. 9:03 of 2nd period - Shot by Cutter Gauthier. 9:03 of 2nd period - Shot Misses the Net. 9:17 of 2nd period - Shot by Matthew Tkachuk. 9:17 of 2nd period - Stopped by Ales Stezka without a rebound. 9:18 of 2nd period - Noah Laba wins face-off versus Mason McTavish in LOS ANGELES SEALS zone. 9:28 of 2nd period - Off-side. 9:29 of 2nd period - Mason McTavish wins face-off versus Morgan Frost in neutral zone. 9:51 of 2nd period - Off-side. 9:52 of 2nd period - Cameron Hebig wins face-off versus Evgeni Malkin in neutral zone. 10:19 of 2nd period - Shot by Gustav Forsling. 10:19 of 2nd period - Stopped by Connor Ingram without a rebound. 10:20 of 2nd period - Mason McTavish wins face-off versus Matthew Beniers in UTAH ICE BEARS zone. 10:46 of 2nd period - Icing by Alexander Alexeyev. 10:47 of 2nd period - Evgeni Malkin wins face-off versus Owen Tippett in LOS ANGELES SEALS zone. 11:00 of 2nd period - Mason McTavish is hit by Matthew Tkachuk and loses puck. 11:21 of 2nd period - Shot by Matthew Tkachuk. 11:21 of 2nd period - Deflect By Evgeni Malkin. 11:21 of 2nd period - Shot Misses the Net. 11:23 of 2nd period - Shot by Evgeni Malkin. 11:23 of 2nd period - Shot Misses the Net. 11:28 of 2nd period - Matthew Tkachuk is hit by Gustav Forsling. 11:45 of 2nd period - Off-side. 11:46 of 2nd period - Cameron Hebig wins face-off versus Luke Evangelista in neutral zone. 11:49 of 2nd period - Morgan Frost is hit by Ryan Reaves and loses puck. 12:10 of 2nd period - Shot by Ryan Reaves. 12:10 of 2nd period - Stopped by Connor Ingram without a rebound. 12:11 of 2nd period - Matthew Beniers wins face-off versus Liam O'Brien in UTAH ICE BEARS zone. 13:21 of 2nd period - Icing by David Perron. 13:22 of 2nd period - Morgan Frost wins face-off versus Mason McTavish in LOS ANGELES SEALS zone. 13:23 of 2nd period - Shot by MacKenzie Weegar. 13:23 of 2nd period - Stopped by Ales Stezka without a rebound. 13:24 of 2nd period - Garrett Wilson wins face-off versus Evgeni Malkin in LOS ANGELES SEALS zone. 13:24 of 2nd period - Garrett Wilson is hit by Matthew Tkachuk. 13:38 of 2nd period - Shot by Cutter Gauthier. 13:38 of 2nd period - Shot Blocked by Kristopher Letang. 13:50 of 2nd period - Shot by Alexander Ovechkin. 13:50 of 2nd period - Shot Misses the Net. 14:00 of 2nd period - Shot by Matthew Tkachuk. 14:00 of 2nd period - Shot Misses the Net. 14:02 of 2nd period - Shot by John Carlson. 14:02 of 2nd period - Shot Misses the Net. 14:31 of 2nd period - Shot by John-Jason Peterka. 14:31 of 2nd period - Deflect By Morgan Frost. 14:31 of 2nd period - Stopped by Ales Stezka with a rebound. 14:33 of 2nd period - Shot by Morgan Frost. 14:33 of 2nd period - Goal by Morgan Frost - UTAH ICE BEARS : 4 - LOS ANGELES SEALS : 2. 14:34 of 2nd period - Matthew Beniers wins face-off versus Mason McTavish in neutral zone. 14:37 of 2nd period - Shot by Patrick Kane. 14:37 of 2nd period - Stopped by Ales Stezka without a rebound. 14:38 of 2nd period - Mason McTavish wins face-off versus Morgan Frost in LOS ANGELES SEALS zone. 14:47 of 2nd period - Shot by Noah Dobson. 14:47 of 2nd period - Shot Blocked by Bowen Byram. 14:59 of 2nd period - Shot by John-Jason Peterka. 14:59 of 2nd period - Shot Misses the Net. 15:01 of 2nd period - Shot by MacKenzie Weegar. 15:01 of 2nd period - Shot Misses the Net. 15:03 of 2nd period - Shot by Bowen Byram. 15:03 of 2nd period - Stopped by Ales Stezka with a rebound. 15:10 of 2nd period - Icing by Gustav Forsling. 15:11 of 2nd period - Evgeni Malkin wins face-off versus Mason McTavish in LOS ANGELES SEALS zone. 15:34 of 2nd period - Shot by Mason McTavish. 15:34 of 2nd period - Deflect By David Perron. 15:34 of 2nd period - Stopped by Connor Ingram without a rebound. 15:35 of 2nd period - Matthew Beniers wins face-off versus Cameron Hebig in UTAH ICE BEARS zone. 15:46 of 2nd period - Shot by Patrick Kane. 15:46 of 2nd period - Stopped by Ales Stezka with a rebound. 16:37 of 2nd period - Icing by John Carlson. 16:38 of 2nd period - Cutter Gauthier wins face-off versus Evgeni Malkin in UTAH ICE BEARS zone. 16:51 of 2nd period - Shot by Alexander Ovechkin. 16:51 of 2nd period - Goal by Alexander Ovechkin - UTAH ICE BEARS : 5 - LOS ANGELES SEALS : 2. 16:52 of 2nd period - Mason McTavish wins face-off versus Marco Kasper in neutral zone. 17:15 of 2nd period - Shot by David Savard. 17:15 of 2nd period - Shot Misses the Net. 17:17 of 2nd period - Shot by Kevin Bahl. 17:17 of 2nd period - Shot Blocked by Owen Tippett. 17:27 of 2nd period - Shot by Marco Kasper. 17:27 of 2nd period - Shot Blocked by Ben Hutton. 17:49 of 2nd period - Shot by Noah Dobson. 17:49 of 2nd period - Stopped by Connor Ingram without a rebound. 17:50 of 2nd period - Morgan Frost wins face-off versus Garrett Wilson in UTAH ICE BEARS zone. 18:16 of 2nd period - Icing by Morgan Frost. 18:17 of 2nd period - Morgan Frost wins face-off versus Liam O'Brien in UTAH ICE BEARS zone. 18:45 of 2nd period - Shot by John-Jason Peterka. 18:45 of 2nd period - Stopped by Ales Stezka with a rebound. 19:00 of 2nd period - Icing by John Carlson. 19:01 of 2nd period - Evgeni Malkin wins face-off versus Owen Tippett in UTAH ICE BEARS zone. 19:13 of 2nd period - John Carlson is hit by Owen Tippett and loses puck. 19:24 of 2nd period - Shot by Owen Tippett. 19:24 of 2nd period - Stopped by Connor Ingram without a rebound. 19:25 of 2nd period - Matthew Beniers wins face-off versus Cutter Gauthier in UTAH ICE BEARS zone. 19:35 of 2nd period - Matthew Beniers is hit by Ben Hutton and loses puck. 19:41 of 2nd period - Matthew Beniers is hit by Alexander Alexeyev and loses puck. 19:47 of 2nd period - Patrick Kane is hit by Alexander Alexeyev and loses puck. 19:56 of 2nd period - Shot by Lucas Raymond. 19:56 of 2nd period - Shot Misses the Net. Goals for this period are 2 for UTAH ICE BEARS vs 0 for LOS ANGELES SEALS. Shots for this period are 17 for UTAH ICE BEARS vs 7 for LOS ANGELES SEALS. 3rd period0:01 of 3rd period - Evgeni Malkin wins face-off versus Owen Tippett in neutral zone. 0:12 of 3rd period - Shot by Evgeni Malkin. 0:12 of 3rd period - Stopped by Ales Stezka with a rebound. 0:18 of 3rd period - Shot by Matthew Tkachuk. 0:18 of 3rd period - Stopped by Ales Stezka with a rebound. 0:20 of 3rd period - Shot by Alexander Ovechkin. 0:20 of 3rd period - Stopped by Ales Stezka with a rebound. 0:41 of 3rd period - Evgeni Malkin is hit by Gustav Forsling and loses puck. 1:19 of 3rd period - Icing by David Savard. 1:20 of 3rd period - Matthew Beniers wins face-off versus Cutter Gauthier in UTAH ICE BEARS zone. 1:56 of 3rd period - Lucas Raymond is hit by Connor Carrick and loses puck. 2:00 of 3rd period - Icing by Cutter Gauthier. 2:01 of 3rd period - Morgan Frost wins face-off versus Cutter Gauthier in LOS ANGELES SEALS zone. 2:01 of 3rd period - MacKenzie Weegar is hit by Erik Gudbranson and loses puck. 2:30 of 3rd period - Shot by Luke Evangelista. 2:30 of 3rd period - Stopped by Ales Stezka without a rebound. 2:31 of 3rd period - Evgeni Malkin wins face-off versus Liam O'Brien in LOS ANGELES SEALS zone. 2:36 of 3rd period - Shot by Evgeni Malkin. 2:36 of 3rd period - Shot Blocked by Noah Dobson. 2:36 of 3rd period - Noah Dobson from LOS ANGELES SEALS is injured at 2:36 of 3rd period (Strained Left Knee). 2:37 of 3rd period - Cameron Hebig wins face-off versus Matthew Tkachuk in LOS ANGELES SEALS zone. 2:37 of 3rd period - Cameron Hebig is hit by Alexander Ovechkin. 2:50 of 3rd period - Gustav Forsling is hit by Kristopher Letang and loses puck. 3:03 of 3rd period - Shot by Cameron Hebig. 3:03 of 3rd period - Stopped by Connor Ingram without a rebound. 3:04 of 3rd period - Mason McTavish wins face-off versus Matthew Beniers in UTAH ICE BEARS zone. 4:08 of 3rd period - Shot by Evgeni Malkin. 4:08 of 3rd period - Shot Misses the Net. 4:24 of 3rd period - Shot by Matthew Tkachuk. 4:24 of 3rd period - Shot Misses the Net. 4:26 of 3rd period - Shot by Evgeni Malkin. 4:26 of 3rd period - Shot Misses the Net. 4:28 of 3rd period - Shot by Kristopher Letang. 4:28 of 3rd period - Shot Blocked by Owen Tippett. 4:30 of 3rd period - Shot by Kristopher Letang. 4:30 of 3rd period - Shot Misses the Net. 5:26 of 3rd period - Shot by Kevin Hayes. 5:26 of 3rd period - Shot Misses the Net. 5:28 of 3rd period - Shot by Kevin Hayes. 5:28 of 3rd period - Shot Misses the Net. 5:59 of 3rd period - John-Jason Peterka is hit by Ryan Reaves and loses puck. 6:00 of 3rd period - Minor Penalty to Ryan Reaves for Slashing. 6:01 of 3rd period - Kevin Hayes wins face-off versus Matthew Beniers in LOS ANGELES SEALS zone. 6:16 of 3rd period - Shot by Matthew Beniers. 6:16 of 3rd period - Stopped by Ales Stezka without a rebound. 6:17 of 3rd period - Kevin Hayes wins face-off versus Matthew Beniers in LOS ANGELES SEALS zone. 6:17 of 3rd period - Kevin Hayes is hit by Patrick Kane. 6:24 of 3rd period - Icing by John Carlson. 6:25 of 3rd period - Patrick Kane wins face-off versus Kevin Hayes in UTAH ICE BEARS zone. 6:29 of 3rd period - Icing by Lucas Raymond. 6:30 of 3rd period - Mason McTavish wins face-off versus Matthew Beniers in UTAH ICE BEARS zone. 6:39 of 3rd period - Shot by Mason McTavish. 6:39 of 3rd period - Stopped by Connor Ingram with a rebound. 6:51 of 3rd period - Shot by Patrick Kane. 6:51 of 3rd period - Shot Misses the Net. 6:53 of 3rd period - Shot by Kristopher Letang. 6:53 of 3rd period - Stopped by Ales Stezka without a rebound. 6:54 of 3rd period - John-Jason Peterka wins face-off versus David Perron in LOS ANGELES SEALS zone. 6:59 of 3rd period - Shot by MacKenzie Weegar. 6:59 of 3rd period - Shot Blocked by Cutter Gauthier. 7:01 of 3rd period - Shot by John-Jason Peterka. 7:01 of 3rd period - Stopped by Ales Stezka without a rebound. 7:02 of 3rd period - Owen Tippett wins face-off versus John-Jason Peterka in LOS ANGELES SEALS zone. 7:43 of 3rd period - Gustav Forsling is hit by Matthew Tkachuk. 8:03 of 3rd period - David Savard is hit by Erik Gudbranson and loses puck. 9:06 of 3rd period - Shot by Matthew Beniers. 9:06 of 3rd period - Stopped by Ales Stezka with a rebound. 9:08 of 3rd period - Shot by Lucas Raymond. 9:08 of 3rd period - Deflect By Patrick Kane. 9:08 of 3rd period - Shot Blocked by Erik Gudbranson. 9:28 of 3rd period - Shot by Lucas Raymond. 9:28 of 3rd period - Stopped by Ales Stezka without a rebound. 9:29 of 3rd period - Evgeni Malkin wins face-off versus Cameron Hebig in LOS ANGELES SEALS zone. 10:24 of 3rd period - Minor Penalty to Patrick Kane for Roughing. 10:25 of 3rd period - Morgan Frost wins face-off versus Mason McTavish in UTAH ICE BEARS zone. 12:03 of 3rd period - Shot by Owen Tippett. 12:03 of 3rd period - Shot Misses the Net. 12:05 of 3rd period - Shot by Owen Tippett. 12:05 of 3rd period - Stopped by Connor Ingram with a rebound. 12:13 of 3rd period - Shot by Owen Tippett. 12:13 of 3rd period - Stopped by Connor Ingram without a rebound. 12:14 of 3rd period - Morgan Frost wins face-off versus Mason McTavish in UTAH ICE BEARS zone. 12:34 of 3rd period - Matthew Tkachuk is hit by Alexander Alexeyev and loses puck. 13:02 of 3rd period - Shot by Matthew Tkachuk. 13:02 of 3rd period - Shot Blocked by Gustav Forsling. 13:07 of 3rd period - Icing by Ryan Reaves. 13:08 of 3rd period - Matthew Beniers wins face-off versus Cameron Hebig in LOS ANGELES SEALS zone. 13:35 of 3rd period - Shot by Lucas Raymond. 13:35 of 3rd period - Stopped by Ales Stezka without a rebound. 13:36 of 3rd period - Mason McTavish wins face-off versus Morgan Frost in LOS ANGELES SEALS zone. 13:44 of 3rd period - Shot by Owen Tippett. 13:44 of 3rd period - Shot Misses the Net. 13:59 of 3rd period - Owen Tippett is hit by Kristopher Letang and loses puck. 14:06 of 3rd period - Shot by Mason McTavish. 14:06 of 3rd period - Stopped by Connor Ingram without a rebound. 14:07 of 3rd period - Matthew Beniers wins face-off versus Cutter Gauthier in UTAH ICE BEARS zone. 14:18 of 3rd period - Shot by Kevin Hayes. 14:18 of 3rd period - Stopped by Connor Ingram with a rebound. 14:22 of 3rd period - Shot by Cutter Gauthier. 14:22 of 3rd period - Shot Blocked by MacKenzie Weegar. 14:24 of 3rd period - Shot by Gustav Forsling. 14:24 of 3rd period - Stopped by Connor Ingram with a rebound. 14:26 of 3rd period - Shot by Gustav Forsling. 14:26 of 3rd period - Stopped by Connor Ingram without a rebound. 14:27 of 3rd period - Liam O'Brien wins face-off versus Evgeni Malkin in UTAH ICE BEARS zone. 14:40 of 3rd period - Shot by Evgeni Malkin. 14:40 of 3rd period - Deflect By Alexander Ovechkin. 14:40 of 3rd period - Stopped by Ales Stezka without a rebound. 14:41 of 3rd period - Mason McTavish wins face-off versus Patrick Kane in LOS ANGELES SEALS zone. 15:52 of 3rd period - Shot by Cutter Gauthier. 15:52 of 3rd period - Stopped by Connor Ingram without a rebound. 15:53 of 3rd period - Morgan Frost wins face-off versus Cameron Hebig in UTAH ICE BEARS zone. 16:32 of 3rd period - Shot by Morgan Frost. 16:32 of 3rd period - Stopped by Ales Stezka without a rebound. 16:33 of 3rd period - Evgeni Malkin wins face-off versus Mason McTavish in LOS ANGELES SEALS zone. 16:49 of 3rd period - Icing by Erik Gudbranson. 16:50 of 3rd period - Mason McTavish wins face-off versus Matthew Beniers in LOS ANGELES SEALS zone. 16:57 of 3rd period - Shot by Mason McTavish. 16:57 of 3rd period - Goal by Mason McTavish - UTAH ICE BEARS : 5 - LOS ANGELES SEALS : 3. 16:58 of 3rd period - Evgeni Malkin wins face-off versus Cutter Gauthier in neutral zone. 17:10 of 3rd period - Icing by Alexander Alexeyev. 17:11 of 3rd period - Matthew Beniers wins face-off versus Cutter Gauthier in LOS ANGELES SEALS zone. 17:11 of 3rd period - Lucas Raymond is hit by Ben Hutton and loses puck. 17:17 of 3rd period - Icing by Cutter Gauthier. 17:18 of 3rd period - Evgeni Malkin wins face-off versus Cutter Gauthier in LOS ANGELES SEALS zone. 17:32 of 3rd period - Alexander Ovechkin is hit by Alexander Alexeyev and loses puck. 17:47 of 3rd period - Shot by Kevin Hayes. 17:47 of 3rd period - Shot Blocked by John Carlson. 17:49 of 3rd period - Shot by Cutter Gauthier. 17:49 of 3rd period - Shot Misses the Net. 18:06 of 3rd period - Shot by Mason McTavish. 18:06 of 3rd period - Shot Blocked by Matthew Tkachuk. 18:13 of 3rd period - David Perron is hit by Kristopher Letang. 18:14 of 3rd period - David Perron from LOS ANGELES SEALS is injured at 18:14 of 3rd period (Strained Right Knee). 18:15 of 3rd period - Cameron Hebig wins face-off versus Morgan Frost in UTAH ICE BEARS zone. 18:49 of 3rd period - John-Jason Peterka is hit by Erik Gudbranson. 18:59 of 3rd period - Shot by John-Jason Peterka. 18:59 of 3rd period - Deflect By Morgan Frost. 18:59 of 3rd period - Stopped by Ales Stezka without a rebound. 19:00 of 3rd period - Matthew Beniers wins face-off versus Mason McTavish in LOS ANGELES SEALS zone. 19:00 of 3rd period - Matthew Beniers is hit by Alexander Alexeyev. 19:21 of 3rd period - Off-side. 19:22 of 3rd period - Cutter Gauthier wins face-off versus Marco Kasper in neutral zone. 19:27 of 3rd period - Shot by Cutter Gauthier. 19:27 of 3rd period - Stopped by Connor Ingram without a rebound. 19:28 of 3rd period - Owen Tippett wins face-off versus Lucas Raymond in UTAH ICE BEARS zone. 19:30 of 3rd period - Mason McTavish is hit by Kristopher Letang and loses puck. 19:42 of 3rd period - Shot by Lucas Raymond. 19:42 of 3rd period - Stopped by Ales Stezka with a rebound. 19:44 of 3rd period - Shot by John Carlson. 19:44 of 3rd period - Stopped by Ales Stezka without a rebound. 19:45 of 3rd period - Morgan Frost wins face-off versus Cutter Gauthier in LOS ANGELES SEALS zone. 19:52 of 3rd period - Shot by John-Jason Peterka. 19:52 of 3rd period - Stopped by Ales Stezka without a rebound. 19:53 of 3rd period - Matthew Beniers wins face-off versus Mason McTavish in LOS ANGELES SEALS zone. Goals for this period are 0 for UTAH ICE BEARS vs 1 for LOS ANGELES SEALS. Shots for this period are 16 for UTAH ICE BEARS vs 11 for LOS ANGELES SEALS. Back to the Top |
![]() |
![]() |
![]() |
MATTHEW TKACHUK |
TOM WILSON |
JAKE GUENTZEL |